 Dungeon Crawl Stone Soup version 0.22-a0-605-g9281fa2 (webtiles) character file.

12 Amnesiac the Ducker (level 2, -1/14 HPs)
             Began as a Spriggan Transmuter on July 8, 2018.
             Slain by a hobgoblin (4 damage)
             ... on level 1 of the Dungeon.
             The game lasted 00:00:50 (301 turns).

Amnesiac the Ducker (Spriggan Transmuter)            Turns: 301, Time: 00:00:50

Health: -1/14      AC:  2    Str:  6    XL:     2   Next: 20%
Magic:  6/6        EV: 19    Int: 14    God:
Gold:   6          SH:  0    Dex: 16    Spells: 3/6 levels left

rFire    . . .     SeeInvis +     - Unarmed
rCold    . . .     Gourm    .   (shield restricted)
rNeg     . . .     Faith    .   b - +0 robe
rPois    .         Spirit   .   (helmet restricted)
rElec    .         Reflect  .   (no cloak)
rCorr    .         Harm     .   (gloves unavailable)
MR       .....                  (boots unavailable)
Stlth    +.........             (no amulet)
HPRegen  0.04/turn              (no ring)
MPRegen  0.10/turn              (no ring)

@: appendage (expiring), very quick
A: very small, unfitting armour, horns 2, see invisible, herbivore, speed 3,
slow metabolism 2
a: End Transformation


You were on level 1 of the Dungeon.
You were not hungry.
You had grown temporary horns.
You visited 1 branch of the dungeon, and saw 1 of its levels.

You collected 6 gold pieces.

Inventory:

Missiles
 a - 38 arrows
Armour
 b - a +0 robe (worn)
Scrolls
 c - a scroll of remove curse {!r, unknown}
Comestibles
 d - 2 rations


   Skills:
 - Level 1.0 Fighting
 * Level 3.6 Dodging
 - Level 2.4 Unarmed Combat
 + Level 2.9 Spellcasting
 - Level 3.0 Transmutations


You had 3 spell levels left.
You knew the following spells:

 Your Spells              Type           Power        Failure   Level  Hunger
a - Beastly Appendage     Tmut           ##....       6%          1    #......
b - Sticks to Snakes      Tmut           ##......     10%         2    ##.....

Your spell library contained the following spells:

 Spells                   Type           Power        Failure   Level  Hunger
 Spider Form              Tmut/Pois      #.........   34%         3    ###....
 Blade Hands              Tmut           ##........   87%         5    ######.
 Ice Form                 Ice/Tmut       #.......     75%         4    #####..


Dungeon Overview and Level Annotations

Branches:
Dungeon (1/15)

Altars:


Innate Abilities, Weirdness & Mutations

You are very small and have problems with some larger weapons.
You are too small for most types of armour.
You have supernaturally acute eyesight. (SInv)
You are a herbivore.
You cover ground extremely quickly.
You need to consume almost no food.
You have a pair of horns on your head.


Message History

You barely miss the frilled lizard. You miss the frilled lizard.
The frilled lizard barely misses you.
You barely miss the frilled lizard. The frilled lizard closely misses you.
You barely miss the frilled lizard. The frilled lizard closely misses you.
You completely miss the frilled lizard.
You kill the frilled lizard!
A jackal comes into view.
The jackal bites you.
You see here a scroll labeled KIROKE AZYIF {!r}.
You hit the jackal.
You kill the jackal!
Training target 3.0 for Transmutations reached!
Your Transmutations skill increases to level 3!
No target in view!
No target in view!
Memorise Sticks to Snakes, consuming 2 spell levels and leaving 3?
Your transformation is almost over.
You start memorising the spell.
You continue memorising. x2
You finish memorising.
Spell assigned to 'b'.
c - a scroll labeled KIROKE AZYIF {!r} Magic restored.
Found a stone staircase leading down.
Your talons disappear.
You see here 25 stones.
A hobgoblin comes into view.
Found 10 gold pieces.
A hobgoblin is nearby!
Casting: Beastly Appendage (safe; 6% risk of failure)
Confirm with . or Enter, or press ? or * to list all spells.
You grow a pair of large bovine horns.
Found a stone staircase leading down.
A rat comes into view.
The hobgoblin misses you.
You barely miss the hobgoblin. The rat bites you. The hobgoblin misses you.
You closely miss the hobgoblin. The hobgoblin closely misses you.
The rat closely misses you.
You hit the hobgoblin.
The hobgoblin is almost dead.
The rat misses you. The hobgoblin completely misses you.
You closely miss the hobgoblin.
The hobgoblin is almost dead.
The rat completely misses you. The hobgoblin completely misses you.
You hit the hobgoblin but do no damage.
The hobgoblin is almost dead.
Your transformation is almost over.
The rat bites you.
* * * LOW HITPOINT WARNING * * *
The hobgoblin barely misses you.
You barely miss the hobgoblin.
The hobgoblin is almost dead.
You hit the rat but do no damage. The rat bites you.
* * * LOW HITPOINT WARNING * * *
The hobgoblin closely misses you.
You hit the rat.
You kill the rat!
The hobgoblin hits you.
* * * LOW HITPOINT WARNING * * *
You are too injured to fight recklessly!
The hobgoblin closely misses you. The hobgoblin closely misses you.
You hit the hobgoblin but do no damage.
The hobgoblin is severely wounded.
The hobgoblin hits you.
You die...

### #..# ..# #..# #.#####..### ##
#)#........# #. ####.
#.#.##.....###.### #. ....
.................## ##.##...
.##.##.....##.....# ##......#
.##.......>.....$># ...#####.
###.####.####...@.# #..#....
###.# #.# ##.g.## #..#...
....####.### ##.## ##..#...
...........# #.# ##..#..).
....###.##.# #.# # #..#####.
.#.####.##(####.#####. #.......#
........##............# #.#..##..
.#.####.##..###....######....##..
.#.####................####..##.#


You could see a hobgoblin.

Vanquished Creatures
  A leopard gecko (D:1)
  A bat (D:1)
  5 jackals (D:1)
  A frilled lizard (D:1)
  2 rats (D:1)
10 creatures vanquished.

Notes
Turn   | Place    | Note
-------+----------+-------------------------------------------
     0 | D:1      | Amnesiac the Spriggan Transmuter began the quest for the Orb.
     0 | D:1      | Reached XP level 1. HP: 9/9 MP: 5/5
   242 | D:1      | Reached skill level 1 in Fighting
   250 | D:1      | Reached XP level 2. HP: 10/14 MP: 4/6
   265 | D:1      | Learned a level 2 spell: Sticks to Snakes
   301 | D:1      | Slain by a hobgoblin

Vault maps used:
D:1:      scummos_arrival_star, dk_noncrumbling_4, minmay_crystal_room,
          minmay_heptomino_l4

Skill      XL: |  1  2 |
---------------+-------+-----
Fighting       | 1 |  1.0
Transmutations | 3 |  3.0
Dodging        | |  3.6
Unarmed Combat | |  2.4
Spellcasting   | |  2.9

Action                   || total
-------------------------++-------
Melee: Unarmed           ||    57
       Headbutt          ||     4
       Kick              ||     5
 Cast: Beastly Appendage ||     7
Armor: Robe              ||     7
Dodge: Dodged            ||    52

Table legend:
 A = Spawn XP
 B = Non-spawn XP
 C = Spawn XP percentage of total XP
 D = Spawn monster count
 E = Non-spawn monster count
 F = Spawn count percentage of total count
 G = Total turns spent on level
                    A         B        C        D         E        F      G
               +---------+---------+-------+---------+---------+-------+---------
         Total |       0 |      18 |   0.0 |       0 |      10 |   0.0 |   301
               +---------+---------+-------+---------+---------+-------+---------
           D:1 |       0 |      18 |   0.0 |       0 |      10 |   0.0 |   301
               +---------+---------+-------+---------+---------+-------+---------
